 Dungeon Crawl Stone Soup version 0.29-a0-369-gd956c00756 (webtiles) character file.

Game seed: 6436254514101283159

11 holysushi the Cutter (level 2, -2/19 HPs)
             Began as a Kobold Monk on May 1, 2022.
             Frozen to death by an endoplasm (5 damage)
             ... on level 1 of the Dungeon.
             The game lasted 00:00:10 (58 turns).

holysushi the Cutter (Kobold Monk)                    Turns: 58, Time: 00:00:11

Health: -2/19      AC:  2    Str:  8    XL:     2   Next: 35%
Magic:  2/2        EV: 16    Int: 11    God:
Gold:   0          SH:  0    Dex: 17    Spells: 1/1 levels left

rFire   . . .      SeeInvis .   a - +0 short sword
rCold   . . .      Faith    .   (no shield)
rNeg    . . .      Spirit   .   b - +0 robe
rPois   .          Reflect  .   (no helmet)
rElec   .          Harm     .   (no cloak)
rCorr   .          Rampage  .   (no gloves)
Will    .....                   (no boots)
Stlth   +++.......              (no amulet)
HPRegen 0.06/turn               (no ring)
MPRegen 0.08/turn               (no ring)

@: no status effects
A: small, no large weapons, nightstalker 3
a: no special abilities


You were on level 1 of the Dungeon.
You visited 1 branch of the dungeon, and saw 1 of its levels.

Inventory:

Hand Weapons
 a - a +0 short sword (weapon)
Armour
 b - a +0 robe (worn)
Potions
 c - a potion of ambrosia


   Skills:
 + Level 3.5 Fighting
 * Level 4.6 Short Blades
 - Level 3.6 Dodging
 - Level 2.6 Stealth


You had one spell level left.
You didn't know any spells.
Your spell library was empty.

Dungeon Overview and Level Annotations

Branches:
Dungeon (1/15)

Altars:


Innate Abilities, Weirdness & Mutations

You are small and have problems with some larger weapons.
You are completely attuned to the shadows.


Message History

You barely miss the goblin.
The goblin is moderately wounded.
The goblin hits you but does no damage. x2; The ball python barely misses you. x2
You closely miss the goblin. The goblin misses you.
The goblin completely misses you. The ball python bites you.
* * * LOW HITPOINT WARNING * * *
The ball python completely misses you.
You hit the goblin.
The goblin is heavily wounded.
The ball python misses you. x2; The goblin hits you with a +0 dagger.
* * * LOW HITPOINT WARNING * * *
The goblin barely misses you.
You puncture the goblin!
You kill the goblin!
The ball python closely misses you. x2; The goblin misses you.
Things that are here:
a +0 dagger; a rat corpse The goblin attacks as you move away!
The goblin closely misses you. The ball python barely misses you.
The ball python misses you.
You closely miss the ball python. The ball python barely misses you.
The ball python misses you.
You hit the ball python.
The ball python is severely wounded.
The ball python bites you.
* * * LOW HITPOINT WARNING * * *
The ball python misses you.
You puncture the ball python!
You kill the ball python!
You swing at nothing.
An endoplasm comes into view.
You hit the goblin.
The goblin is heavily wounded.
The goblin closely misses you.
You hit the goblin.
You kill the goblin!
You swing at nothing.
You swing at nothing.
The endoplasm freezes you.
You are frozen.
You die...

#.#..# .
....##. ..
...#..
#.####.....
#.J@)).)...
######.†.....#
#..#.....
#..##..#
####..##..#
....†.....#
####.####.#
#.####.####
...........


You could see an endoplasm.

Vanquished Creatures
  A dart slug (D:1)
  A ball python (D:1)
  2 goblins (D:1)
  A kobold (D:1)
  4 rats (D:1)
9 creatures vanquished.

Notes
Turn   | Place    | Note
-------+----------+-------------------------------------------
     0 | D:1      | holysushi the Kobold Monk began the quest for the Orb.
     0 | D:1      | Reached XP level 1. HP: 14/14 MP: 1/1
    38 | D:1      | Reached XP level 2. HP: 11/19 MP: 2/2
    58 | D:1      | Frozen to death by an endoplasm

Illustrated notes

Levels and vault maps discovered:
D:1:      dpeg_arrival_stonehenge_12_columns, layout_loops_ring

Action                   || total
-------------------------++-------
Melee: Short sword       ||    28
 Stab: Sleeping          ||     3
Armor: Robe              ||     5
Dodge: Dodged            ||    30

Table legend: (Time is in decaauts)
 A = Elapsed time spent in this place.
 B = Non-inter-level travel time spent in this place.
 C = Inter-level travel time spent in this place.
 D = Time resting spent in this place.
 E = Time spent auto-exploring this place.
 F = Levels seen in this place.
 G = Mean time per level.
                   A        B        C        D        E       F      G
               +--------+--------+--------+--------+--------+-----+--------+
         Total |     54 |     54 |      0 |      0 |     11 |   1 |   54.0 |
       Dungeon |     54 |     54 |      0 |      0 |     11 |   1 |   54.0 |
               +--------+--------+--------+--------+--------+-----+--------+

Top non-repeatable levels by time:
     D:1: 54 daAuts
